 Dungeon Crawl Stone Soup version 0.22-a0-815-gb582571 (webtiles) character file.

4 zishaf the Magician (level 1, -4/13 HPs)
             Began as a Gnoll Wizard on July 24, 2018.
             Slain by a kobold
             ... wielding a +0 short sword
              (8 damage)
             ... on level 1 of the Dungeon.
             The game lasted 00:00:30 (95 turns).

zishaf the Magician (Gnoll Wizard)                    Turns: 95, Time: 00:00:31

Health: -4/13      AC:  2    Str:  9    XL:     1   Next: 60%
Magic:  8/8        EV: 14    Int: 20    God:
Gold:   15         SH:  0    Dex: 13    Spells: 13/14 levels left

rFire    . . .     SeeInvis .   e - +0 whip (venom)
rCold    . . .     Gourm    .   (no shield)
rNeg     . . .     Faith    .   a - +0 robe
rPois    .         Spirit   .   b - +0 hat
rElec    .         Reflect  .   (no cloak)
rCorr    .         Harm     .   (no gloves)
MR       .....                  (no boots)
Stlth    ++........             (no amulet)
HPRegen  0.04/turn              (no ring)
MPRegen  0.11/turn              (no ring)

@: no status effects
A: distributed training, fangs 1, strong nose
a: no special abilities


You were on level 1 of the Dungeon.
You were not hungry.

You visited 1 branch of the dungeon, and saw 1 of its levels.

You collected 15 gold pieces.

Inventory:

Hand Weapons
 e - a +0 whip of venom (weapon)
Armour
 a - a +0 robe (worn)
 b - a +0 hat (worn)
Comestibles
 d - a ration
 f - a chunk of flesh


   Skills:
 + Level 0.0 Fighting
 + Level 0.0 Short Blades
 + Level 0.0 Long Blades
 + Level 0.0 Axes
 + Level 0.0 Maces & Flails
 + Level 0.0 Polearms
 + Level 0.0 Staves
 + Level 0.0 Slings
 + Level 0.0 Bows
 + Level 0.0 Crossbows
 + Level 0.0 Throwing
 + Level 0.0 Armour
 + Level 4.4 Dodging
 + Level 4.0 Stealth
 + Level 0.0 Shields
 + Level 0.0 Unarmed Combat
 + Level 7.0 Spellcasting
 + Level 1.9 Conjurations
 + Level 0.0 Hexes
 + Level 0.0 Charms
 + Level 1.9 Summonings
 + Level 0.0 Necromancy
 + Level 1.9 Translocations
 + Level 0.0 Transmutations
 + Level 0.0 Fire Magic
 + Level 0.0 Ice Magic
 + Level 0.0 Air Magic
 + Level 0.0 Earth Magic
 + Level 0.0 Poison Magic
 + Level 0.1 Invocations
 + Level 0.0 Evocations


You had 13 spell levels left.
You knew the following spells:

 Your Spells              Type           Power        Failure   Level  Hunger
a - Magic Dart            Conj           ##..         4%          1    None

Your spell library contained the following spells:

 Spells                   Type           Power        Failure   Level  Hunger
 Conjure Flame            Conj/Fire      ##......     19%         3    #......
 Slow                     Hex            #.......     14%         2    None
 Mephitic Cloud           Conj/Pois/Air  #.......     22%         3    #......
 Blink                    Tloc           N/A          6%          2    None
 Call Imp                 Summ           ##......     6%          2    None


Dungeon Overview and Level Annotations

Branches:
Dungeon (1/15)

Altars:


Innate Abilities, Weirdness & Mutations

Your experience applies equally to all skills.
You have very sharp teeth.
Your uncanny sense of smell can sniff out nearby items.


Message History

You closely miss the bat.
The bat is moderately wounded.
The bat barely misses you.
You hit the kobold but do no damage. The bat hits you.
The kobold barely misses you.
You hit the bat.
The bat is poisoned.
Your bite misses the bat.
The bat is severely wounded.
The bat barely misses you. The kobold misses you.
You closely miss the kobold. The kobold hits you but does no damage.
The bat closely misses you.
You hit the bat.
You kill the bat!
The kobold hits you with a short sword.
You are too injured to fight recklessly!
You are too injured to fight recklessly!
You are too injured to fight recklessly!
You barely miss the kobold. The kobold hits you with a short sword.
You barely miss the kobold. The kobold hits you with a short sword!
Ouch! That really hurt!
You die...

#.###.#........ ##.
#.#.###.#........ ..
.................
#.#+#+#+###..........
#...........#.######+
#........(..#.#
#...........#.#
#.##..K........#..
#......@.......##.
#####.........?# ..
+.........##
#.........#
#.........#
#.........#
#.........#
########+##


You could see a kobold.

Vanquished Creatures
  A bat (D:1)
  A hobgoblin (D:1)
  A kobold (D:1)
  A rat (D:1)
4 creatures vanquished.

Notes
Turn   | Place    | Note
-------+----------+-------------------------------------------
     0 | D:1      | zishaf the Gnoll Wizard began the quest for the Orb.
     0 | D:1      | Reached XP level 1. HP: 13/13 MP: 8/8
    95 | D:1      | Slain by a kobold

Vault maps used:
D:1:      minmay_arrival_jagged

Action                   || total
-------------------------++-------
Melee: Whip              ||     8
       Unarmed           ||     2
 Cast: Magic Dart        ||     5
Armor: Robe              ||     4
Dodge: Dodged            ||     9

Table legend:
 A = Spawn XP
 B = Non-spawn XP
 C = Spawn XP percentage of total XP
 D = Spawn monster count
 E = Non-spawn monster count
 F = Spawn count percentage of total count
 G = Total turns spent on level
                    A         B        C        D         E        F      G
               +---------+---------+-------+---------+---------+-------+---------
         Total |       0 |       6 |   0.0 |       0 |       4 |   0.0 |    95
               +---------+---------+-------+---------+---------+-------+---------
           D:1 |       0 |       6 |   0.0 |       0 |       4 |   0.0 |    95
               +---------+---------+-------+---------+---------+-------+---------
